 Dungeon Crawl Stone Soup version 0.31-a0-152-g6aa68a64a1 (webtiles) character file.

Game seed: 4248532986486350193

3 comborobin the Sneak (level 1, -1/13 HPs)
             Began as a Deep Elf Delver on June 10, 2023.
             Succumbed to an adder's poison
             ... on level 3 of the Dungeon.
             The game lasted 00:00:38 (313 turns).

comborobin the Sneak (Deep Elf Delver)               Turns: 313, Time: 00:00:39

Health: -1/13      AC:  5    Str:  9    XL:     1   Next: 41%
Magic:  3/3        EV: 12    Int: 14    God:
Gold:   47         SH:  0    Dex: 16    Spells: 0/0 levels left

rFire   . . .        d - +1 long sword (vamp)
rCold   . . .        (no shield)
rNeg    . . .        b - +0 leather armour
rPois   .            (no helmet)
rElec   .            (no cloak)
rCorr   .            (no gloves)
SInv    .            (no boots)
Will    .....        (no amulet)
Stlth   +++          (no ring)
HPRegen 0.22/turn    (no ring)
MPRegen 0.08/turn

%: random rage (3%)
@: lethally poisoned (-1 -> -9)
A: iridescent scales 1, berserk 1
a: no special abilities


You were on level 3 of the Dungeon.
You visited 1 branch of the dungeon, and saw 3 of its levels.

You collected 47 gold pieces.

Inventory:

Hand Weapons
 a - a +0 short sword
 d - a +1 vampiric long sword (weapon)
Armour
 b - a +0 leather armour (worn)
Jewellery
 f - a +6 ring of dexterity
Wands
 g - a wand of digging (3)
Scrolls
 c - a scroll of fog
 e - a scroll of fear
Potions
 h - 2 potions of berserk rage {unknown}


   Skills:
 - Level 2.4 Fighting
 - Level 2.1(2.2) Short Blades
 + Level 0.5(1.3) Long Blades
 - Level 2.4 Dodging
 - Level 6.0 Stealth


You couldn't memorise any spells.
You didn't know any spells.
Your spell library contained the following spells:

 Spells                   Type           Power      Damage    Failure   Level
 Inner Flame              Hex/Fire       0%         N/A       77%         3
 Yara's Violent Unravell  Hex/Tmut       0%         3d3       100%        5
 Enfeeble                 Hex            0%         N/A       100%        7


Dungeon Overview and Level Annotations

Branches:
Dungeon (5/15)
 Temple: D:4-7

Altars:


Innate Abilities, Weirdness & Mutations

You are partially covered in iridescent scales. (AC +2)
You sometimes lose your temper in combat.


Message History

The adder is almost dead.
The adder barely misses you. The adder closely misses you.
An adder is nearby!
You barely miss the adder.
The adder is almost dead.
The adder barely misses you. The adder closely misses you.
You barely miss the adder. Your punch misses the adder.
The adder is almost dead.
The adder bites you but does no damage. The adder closely misses you.
You barely miss the adder.
The adder is almost dead.
The adder barely misses you.
You closely miss the adder.
The adder is almost dead.
The adder barely misses you. x2
Okay, then.
You hit the adder but do no damage.
The adder is almost dead.
The adder misses you. The adder bites you.
You miss the adder.
The adder is almost dead.
The adder bites you. x2
You are poisoned.
The adder poisons you!
You hit the adder.
The adder is almost dead.
* * * LOW HITPOINT WARNING * * *
You feel sick. The adder misses you.
You are too injured to fight recklessly!
You barely miss the adder.
The adder is almost dead.
* * * LOW HITPOINT WARNING * * *
You feel sick. The adder closely misses you. The adder bites you.
* * * LOW HITPOINT WARNING * * *
You are more poisoned.
The adder poisons you!
It was a potion of mutation.
You feel extremely strange.
Iridescent scales grow over part of your body.
You feel a little pissed off.
You die...

#.# #.## #.# ... #.# #..
### #.# #.. ..# #.# #.# #.#
#.# #.# #.####.# #######S#
#.#....##
.......@########.......#
#.......................
####.######.######.##.#....
#............#####.##.#.#.#
.##.##<...................
#.###..#####.##.#.#.# #.#
#..# #.##.#.... # #.# #..#
#.##.###.# #.##.##.# #..#
#.##.# #.#


You could see an adder.

Vanquished Creatures
  2 hobgoblins
  A rat (D:3)
3 creatures vanquished.

Notes
Turn   | Place    | Note
-------+----------+-------------------------------------------
     0 | D:5      | comborobin the Deep Elf Delver began the quest for the Orb.
     0 | D:5      | Reached XP level 1. HP: 13/13 MP: 3/3
    97 | D:4      | Noticed a phantom
   313 | D:3      | Gained mutation: You are partially covered in iridescent
                  | scales. (AC +2) [potion of mutation]
   313 | D:3      | Gained mutation: You sometimes lose your temper in combat.
                  | [potion of mutation]
   313 | D:3      | Succumbed to an adder's poison

Illustrated notes

Levels and vault maps discovered:
D:3:      layout_loops_ring
D:4:      layout_cave_pods, mainiacjoe_overflow_chevrons,
          gup_sewer_entry_bubbles, uniq_natasha
D:5:      layout_loops_ring, amcnicky_mini_pool_small

Action                     || total
---------------------------++-------
  Melee: Long sword        ||    17
         Short sword       ||     4
    Use: Potion            ||     2
         Scroll            ||     1
   Stab: Sleeping          ||     2
 Armour: Leather armour    ||     2
  Dodge: Dodged            ||    23

Table legend: (Time is in decaauts)
 A = Elapsed time spent in this place.
 B = Non-inter-level travel time spent in this place.
 C = Inter-level travel time spent in this place.
 D = Time resting spent in this place.
 E = Time spent auto-exploring this place.
 F = Levels seen in this place.
 G = Mean time per level.
                   A        B        C        D        E       F      G
               +--------+--------+--------+--------+--------+-----+--------+
         Total |    300 |    260 |     40 |      0 |    153 |   3 |  100.0 |
       Dungeon |    300 |    260 |     40 |      0 |    153 |   3 |  100.0 |
               +--------+--------+--------+--------+--------+-----+--------+

Top non-repeatable levels by time:
     D:3: 185 daAuts
     D:4: 112 daAuts
     D:5: 2 daAuts
